 Dungeon Crawl Stone Soup version 0.22.1-2-g9c5b331 (webtiles) character file.

66940 Fang the Severer (level 15, 0/100 HPs)
             Began as a Gargoyle Berserker on Dec 11, 2018.
             Was the Champion of Trog.
             Killed from afar by an ice dragon (35 damage)
             ... with a blast of cold
             ... on level 15 of the Dungeon.
             The game lasted 00:28:28 (18810 turns).

Fang the Severer (Gargoyle Berserker)              Turns: 18810, Time: 00:28:28

Health: 0/100      AC: 44    Str: 26    XL:     15   Next: 21%
Magic:  15/15      EV:  9    Int: 15    God:    Trog [******]
Gold:   1527       SH:  0    Dex:  9    Spells: 14/14 levels left

rFire    . . .     SeeInvis +   k - +9 battleaxe
rCold    . . .     Gourm    .   (shield currently unavailable)
rNeg     + . .     Faith    .   x - +9 plate armour
rPois    ∞         Spirit   .   C - +2 helmet {SInv}
rElec    +         Reflect  .   (no cloak)
rCorr    .         Harm     .   (no gloves)
MR       ++...                  r - +1 pair of boots of Gozag's Wrath {MR+}
Stlth    ..........             i - amulet of the acrobat
HPRegen  0.26/turn              I - +1 ring of protection
MPRegen  0.14/turn              b - +2 ring of intelligence

@: flying
A: big wings, thin metallic scales 1, camouflage 1, clever 2, negative energy
resistance 1, electricity resistance, unbreathing, petrification resistance, rot
immunity, AC +11
a: Stop Flying, Berserk, Trog's Hand, Brothers in Arms, Renounce Religion


You were on level 15 of the Dungeon.
You worshipped Trog.
Trog was exalted by your worship.
You were not hungry.

You visited 3 branches of the dungeon, and saw 22 of its levels.

You collected 1527 gold pieces.

Inventory:

Hand Weapons
 k - a +9 battleaxe (weapon)
 t - a +3 hand axe of chopping
 J - a +4 antimagic broad axe
Armour
 r - the +1 pair of boots of Gozag's Wrath (worn) {MR+}
   (You found it on level 6 of the Dungeon)

   It affects your resistance to hostile enchantments.
 x - a +9 plate armour (worn)
 C - a +2 helmet of see invisible (worn)
Jewellery
 b - a +2 ring of intelligence (right hand)
 i - an amulet of the acrobat (around neck)
 m - an uncursed ring of ice
 q - an uncursed ring of positive energy
 v - an uncursed ring of protection from cold
 y - an uncursed ring of fire
 z - an uncursed amulet of regeneration
 I - a +1 ring of protection (left hand)
Wands
 n - a wand of enslavement (12)
 A - a wand of acid (8)
 B - a wand of paralysis (5)
 G - a wand of digging (17)
Scrolls
 a - 4 scrolls of fog
 d - 16 scrolls of identify
 j - 10 scrolls of teleportation
 l - 5 scrolls of fear
 o - 7 scrolls of remove curse
 w - 3 scrolls of blinking
Potions
 f - 2 potions of haste
 g - 9 potions of curing
 p - 3 potions of berserk rage
 s - a potion of magic
 u - 3 potions of brilliance
 D - 2 potions of ambrosia
 E - 2 potions of heal wounds
 H - a potion of lignification
Comestibles
 c - 29 rations
 h - a chunk of flesh


   Skills:
 + Level 13.7 Fighting
 + Level 17.5 Axes
 + Level 12.2 Armour
 + Level 3.7 Dodging
 + Level 2.7 Stealth


You had 14 spell levels left.
You didn't know any spells.
Your spell library was empty.

Dungeon Overview and Level Annotations

Branches:
Dungeon (15/15)            Temple (1/1) D:6            Lair (6/6) D:8
  Swamp (0/4) Lair:4       Spider (0/4) Lair:2        Slime (0/5) Lair:5
    Orc (0/2) D:11         Vaults (0/5) D:14
 Depths: D:15

Altars:
Qazlal
Wu Jian

Shops:
D:7 *   D:8 :   D:11 =   D:12 !

Annotations:
Lair:1 exclusion: oklob plant
Lair:5 3 runed doors, Theotherone's ghost, journeyman DDFi


Innate Abilities, Weirdness & Mutations

You are resistant to torment.
Your stone body is resilient. (AC +11)
You are immune to poison.
Your large and strong wings let you fly indefinitely.
You resist negative energy. (rN+)
You are resistant to electric shocks. (rElec)
You can survive without breathing.
You are immune to petrification.
You are immune to rotting.
You are partially covered in thin metallic scales. (AC +2)
Your skin changes colour to match your surroundings (Stealth+).
Your mind is very acute. (Int +4)


Message History

You hit the fire dragon.
The fire dragon is severely wounded.
You barely miss the ice dragon.
Unknown command.
You barely miss the fire dragon.
The fire dragon is severely wounded.
You hit the ice dragon.
The ice dragon bites you but does no damage.
The ice dragon closely misses you. The ice dragon barely misses you.
The fire dragon bites you!
The fire dragon claws you but does no damage.
The fire dragon tramples you but does no damage.
You hit the fire dragon.
The fire dragon is severely wounded.
You slash the ice dragon! The fire dragon breathes flames at you.
The blast of flame hits you! The ice dragon breathes frost at you.
The blast of cold hits you!
You die...

#.# #### #.# # #.. #.#
#.#.( #.# #.#.#####.#
###### #.........#
#$$$$.# ###.########
......D##### #.# #....
#D@...## #.# #.###
.......##...###[# #....
#$$$$.###.8..##.####..##
###### #......#....(..#
..........######.##
.............#......
##########.#.#.#.###
#...#.#...# #†).#.###.#


You could see a fire dragon and an ice dragon.

Vanquished Creatures
  Frances (D:14)
  Snorg (Lair:4)
  Erolcha (D:10)
  2 hydras
  4 centaur warriors
  A death knight (D:12)
  6 two-headed ogres
  2 death yaks (Lair:5)
  2 tengu warriors (D:13)
  An unseen horror (shapeshifter) (D:15)
  A deep elf mage (D:13)
  2 wizards (D:14)
  5 ugly things (D:14)
  2 manticores (D:14)
  A cyclops (D:14)
  15 elephants
  3 black mambas
  A centaur zombie (D:14)
  A gargoyle (D:13)
  An efreet (D:14)
  A torpor snail (Lair:6)
  A freezing wraith (D:12)
  8 spiny frogs
  4 komodo dragons
  A rime drake (shapeshifter) (D:15)
  3 jumping spiders (Lair:2)
  A redback zombie (D:14)
  5 hornets
  6 trolls
  A polar bear (Lair:6)
  Prince Ribbit (D:5)
  21 blink frogs
  A blink frog (shapeshifter) (D:15)
  6 hippogriffs
  4 slime creatures (Lair:5)
  4 dream sheep
  11 spriggans (Lair:6)
  A shadow (D:15)
  2 redbacks (Lair:2)
  A vampire (D:13)
  20 yaks
  8 basilisks
  A wyvern (D:11)
  4 wraiths
  3 hungry ghosts
  Eustachio (D:6)
  A steam dragon (Lair:4)
  2 vampire mosquitoes (D:13)
  An acid dragon (D:14)
  A soldier ant (D:11)
  14 water moccasins
  7 porcupines
  6 orc warriors
  A hornet zombie (D:13)
  4 ice beasts
  4 sky beasts
  6 black bears
  5 boggarts (Lair:6)
  5 phantoms
  13 ogres
  2 necrophages
  14 centaurs
  23 wolves
  9 crocodiles
  5 big kobolds
  19 bullfrogs
  A wyvern zombie (D:11)
  6 scorpions
  2 water moccasin skeletons (D:9)
  11 killer bees
  16 wights
  An electric eel (Lair:1)
  4 howler monkeys
  5 crimson imps
  3 bullfrog zombies
  2 quasits
  9 jellies
  4 bullfrog skeletons
  5 centaur skeletons
  4 hounds
  7 orc priests
  4 iguanas
  13 orc wizards
  4 worker ants
  A killer bee zombie (D:5)
  A worker ant zombie (D:11)
  Robin (D:4)
  6 adders
  11 gnolls
  3 oozes
  An adder zombie (D:9)
  3 adder skeletons
  2 dart slugs (D:2)
  A worm (D:3)
  6 leopard geckos
  37 orcs
  4 bats
  6 giant cockroaches
  18 goblins
  15 hobgoblins
  22 jackals
  17 kobolds
  6 quokkas
  A ball python (D:5)
  5 frilled lizards
  A jackal skeleton (D:6)
  A leopard gecko skeleton (D:4)
  8 rats
  10 fungi
  2 plants (Lair:6)
605 creatures vanquished.

Vanquished Creatures (collateral kills)
  5 hydras
  3 death yaks (Lair:5)
  A black mamba (Lair:4)
  A spiny frog (Lair:5)
  2 water moccasins (Lair:5)
  A bullfrog (Lair:4)
13 creatures vanquished.

Vanquished Creatures (others)
  5 fungi (Lair:6)
  2 plants
7 creatures vanquished.

Grand Total: 625 creatures vanquished

Notes
Turn   | Place    | Note
-------+----------+-------------------------------------------
     0 | D:1      | Fang the Gargoyle Berserker began the quest for the Orb.
     0 | D:1      | Reached XP level 1. HP: 14/14 MP: 1/1
    62 | D:1      | Reached XP level 2. HP: 19/19 MP: 2/2
    63 | D:1      | Reached skill level 3 in Axes
   199 | D:1      | Reached XP level 3. HP: 24/24 MP: 3/3
   404 | D:1      | Reached ** piety under Trog
   711 | D:2      | Reached XP level 4. HP: 25/29 MP: 4/4
   904 | D:2      | Found a faded altar of an unknown god.
  1422 | D:3      | Reached skill level 4 in Axes
  1605 | D:3      | Reached XP level 5. HP: 28/33 MP: 5/5
  1611 | D:3      | Reached *** piety under Trog
  2072 | D:4      | Noticed Robin
  2083 | D:4      | Killed Robin
  2083 | D:4      | Reached XP level 6. HP: 37/39 MP: 6/6
  2756 | D:4      | Reached skill level 5 in Axes
  2756 | D:4      | Reached skill level 1 in Stealth
  3098 | D:5      | Entered Level 5 of the Dungeon
  3140 | D:5      | Reached XP level 7. HP: 41/44 MP: 7/7
  3232 | D:5      | Gained mutation: You are partially covered in thin metallic
                  | scales. (AC +2) [potion of mutation]
  3232 | D:5      | Gained mutation: Your skin changes colour to match your
                  | surroundings (Stealth+). [potion of mutation]
  3232 | D:5      | Gained mutation: Your flesh is cold resistant. (rC+)
                  | [potion of mutation]
  3245 | D:5      | Reached skill level 5 in Fighting
  3639 | D:5      | Noticed Prince Ribbit
  3644 | D:5      | Reached skill level 6 in Axes
  3661 | D:5      | Killed Prince Ribbit
  3661 | D:5      | Reached XP level 8. HP: 31/49 MP: 8/8
  3820 | D:5      | Lost mutation: Your flesh is cold resistant. (rC+) [potion
                  | of mutation]
  3820 | D:5      | Gained mutation: Your mind is acute. (Int +2) [potion of
                  | mutation]
  3820 | D:5      | Gained mutation: Your mind is very acute. (Int +4) [potion
                  | of mutation]
  3834 | D:5      | Reached **** piety under Trog
  4143 | D:6      | Reached skill level 7 in Axes
  4151 | D:6      | Noticed Eustachio
  4186 | D:6      | Killed Eustachio
  4186 | D:6      | Reached skill level 5 in Armour
  4265 | D:6      | Found a staircase to the Ecumenical Temple.
  4280 | D:6      | Reached XP level 9. HP: 51/55 MP: 9/9
  4311 | Temple   | Entered the Ecumenical Temple
  4433 | D:6      | Identified a scroll of acquirement
  4458 | D:6      | Reached skill level 8 in Axes
  4536 | D:6      | Found a stormy altar of Qazlal.
  4694 | D:6      | Got a pair of heavily runed boots
  4700 | D:6      | Identified the +1 pair of boots of Gozag's Wrath {MR+} (You
                  | found it on level 6 of the Dungeon)
  4926 | D:7      | Reached skill level 9 in Axes
  4986 | D:7      | Found Sipsiso's Assorted Antiques.
  5392 | D:8      | Found a staircase to the Lair.
  5392 | D:8      | Noticed an elephant
  5407 | D:8      | Killed an elephant
  5407 | D:8      | Reached XP level 10. HP: 63/63 MP: 10/10
  5484 | D:8      | Reached ***** piety under Trog
  5484 | D:8      | Reached skill level 10 in Axes
  5676 | D:8      | Noticed a two-headed ogre
  5683 | D:8      | Killed a two-headed ogre
  5884 | D:8      | Found Rewyog's Book Boutique.
  6451 | D:9      | Reached skill level 11 in Axes
  6577 | D:9      | Received a gift from Trog
  6756 | D:9      | Noticed a two-headed ogre
  6762 | D:9      | Killed a two-headed ogre
  6762 | D:9      | Reached XP level 11. HP: 69/69 MP: 11/11
  6891 | D:9      | Noticed a lindwurm
  6911 | D:9      | Noticed a lindwurm
  6912 | D:9      | Noticed a lindwurm
  6973 | D:10     | Entered Level 10 of the Dungeon
  7301 | D:10     | Reached skill level 12 in Axes
  7438 | D:10     | Found an ornate altar of the Wu Jian Council.
  7572 | D:10     | Noticed Erolcha
  7581 | D:10     | Killed Erolcha
  8045 | D:11     | Noticed a two-headed ogre
  8056 | D:11     | Killed a two-headed ogre
  8206 | D:11     | Found a staircase to the Orcish Mines.
  8597 | D:11     | Found Tulem's Jewellery Emporium.
  8706 | D:11     | Received a gift from Trog
  8851 | Lair:1   | Entered Level 1 of the Lair of Beasts
  8889 | Lair:1   | Reached skill level 13 in Axes
  9266 | Lair:1   | Reached XP level 12. HP: 77/77 MP: 12/12
  9291 | Lair:1   | Noticed an eight-headed hydra
  9298 | Lair:1   | Killed an eight-headed hydra
  9713 | Lair:1   | Reached skill level 10 in Fighting
 10144 | Lair:2   | Found a hole to the Spider Nest.
 10994 | Lair:3   | Reached skill level 10 in Armour
 11397 | Lair:3   | Reached skill level 14 in Axes
 11847 | Lair:4   | Noticed a seven-headed hydra
 11855 | Lair:4   | Killed a seven-headed hydra
 11883 | Lair:4   | Noticed an eight-headed hydra
 11908 | Lair:4   | Killed an 11-headed hydra
 11980 | Lair:4   | Noticed Snorg
 11995 | Lair:4   | Killed Snorg
 12163 | Lair:4   | Reached XP level 13. HP: 84/84 MP: 13/13
 12262 | Lair:4   | Found a staircase to the Swamp.
 12719 | Lair:5   | Found a staircase to the Slime Pits.
 12881 | Lair:5   | Found a runed gate.
 12882 | Lair:5   | Found a runed gate.
 12883 | Lair:5   | Found a runed gate.
 12885 | Lair:5   | Noticed Theotherone's ghost (journeyman DDFi)
 13093 | Lair:5   | Reached skill level 15 in Axes
 13656 | Lair:6   | Entered Level 6 of the Lair of Beasts
 14210 | Lair:6   | Gained mutation: Your large and strong wings let you fly
                  | indefinitely. [Gargoyle growth]
 14210 | Lair:6   | Reached XP level 14. HP: 56/92 MP: 14/14
 14525 | Lair:6   | Reached skill level 16 in Axes
 15676 | D:12     | Received a gift from Trog
 16030 | D:12     | Found Teeq's Distillery.
 17178 | D:14     | Reached skill level 17 in Axes
 17545 | D:14     | Reached ****** piety under Trog
 17777 | D:14     | Found a gate to the Vaults.
 17873 | D:14     | Reached XP level 15. HP: 95/99 MP: 15/15
 17903 | D:14     | Noticed Frances
 17926 | D:14     | Killed Frances
 18134 | D:14     | Received a gift from Trog
 18619 | D:15     | Entered Level 15 of the Dungeon
 18810 | D:15     | Killed from afar by an ice dragon

Skill      XL: |  1  2  3  4  5  6  7  8  9 10 11 12 13 14 |
---------------+-------------------------------------------+-----
Axes           | 3 4 5 6 7 9 11 13 14 15 17 | 17.5
Dodging        | 2 3 |  3.7
Fighting       | 4 5 6 7 8 9 10 12 13 | 13.7
Armour         | 3 4 5 7 8 9 10 11 12 | 12.2
Stealth        | 1 2 |  2.7

Action                   |  1- 3 |  4- 6 |  7- 9 | 10-12 | 13-15 || total
-------------------------+-------+-------+-------+-------+-------++-------
Melee: Hand axe          |    75 |    91 |   197 |       |       ||   363
       War axe           |       |   119 |       |       |       ||   119
       Battleaxe         |       |       |   142 |   581 |   757 ||  1480
Invok: Berserk           |     1 |     2 |     2 |     5 |     6 ||    16
       Trog's Hand       |       |     1 |       |       |       ||     1
       Brothers in Arms  |       |       |       |     3 |     4 ||     7
 Abil: Fly               |       |       |       |       |     1 ||     1
  Use: Potion            |       |     1 |     2 |       |       ||     3
       Scroll            |       |       |    17 |    13 |     9 ||    39
 Stab: Sleeping          |     1 |       |       |       |       ||     1
  Eat: Chunk             |       |    11 |     8 |    29 |    26 ||    74
       Ration            |       |       |       |     1 |     2 ||     3
Armor: Animal skin       |    36 |    41 |       |       |       ||    77
       Ring mail         |       |    46 |       |       |       ||    46
       Plate armour      |       |       |   263 |   570 |   594 ||  1427
Dodge: Dodged            |    50 |   171 |   142 |   315 |   373 ||  1051
